 Dungeon Crawl Stone Soup version 0.29.1-1-gd02db6906a (webtiles) character file.

Game seed: 5522770824177991368

59 Orthodox the Trooper (level 4, 0/29 HPs)
             Began as a Gargoyle Fighter on Oct 23, 2022.
             Slain by Sigmund
             ... wielding a +0 scythe
              (9 damage)
             ... on level 2 of the Dungeon.
             The game lasted 00:04:55 (1709 turns).

Orthodox the Trooper (Gargoyle Fighter)             Turns: 1709, Time: 00:04:55

Health: 0/29       AC:  9    Str: 21    XL:     4   Next: 3%
Magic:  4/4        EV: 10    Int:  7    God:
Gold:   26         SH:  4    Dex:  9    Spells: 3/3 levels left

rFire   . . .      SeeInvis .   a - +0 flail
rCold   + . .      Faith    .   c - +0 buckler
rNeg    + . .      Spirit   .   o - +2 leather armour {rC+}
rPois   ∞          Reflect  .   (no helmet)
rElec   +          Harm     .   (no cloak)
rCorr   .          Rampage  .   (no gloves)
Will    .....                   (no boots)
Stlth   +.........              (no amulet)
HPRegen 0.09/turn               (no ring)
MPRegen 0.09/turn               (no ring)

@: no status effects
A: sickness immunity, AC +3, negative energy resistance 1, electricity
resistance, torment resistance 1, petrification resistance, talons 1, dopey 1
a: no special abilities


You were on level 2 of the Dungeon.
You visited 1 branch of the dungeon, and saw 2 of its levels.

You collected 26 gold pieces.

Inventory:

Hand Weapons
 a - a +0 flail (weapon)
Missiles
 g - 5 silver javelins (quivered)
 i - 3 atropa-tipped darts
Armour
 b - a +0 scale mail
 c - a +0 buckler (worn)
 o - a +2 leather armour of cold resistance (worn)
Scrolls
 d - a scroll of noise {unknown}
 e - a scroll of identify {unknown}
 f - a scroll of teleportation
 h - a scroll of magic mapping {unknown}
 l - a scroll of vulnerability {unknown}
 m - a scroll of summoning {unknown}
 n - a scroll of enchant weapon {unknown}


   Skills:
 * Level 4.1 Fighting
 * Level 2.8 Maces & Flails
 + Level 3.6 Armour
 + Level 3.7 Shields


You had 3 spell levels left.
You didn't know any spells.
Your spell library contained the following spells:

 Spells                   Type           Power      Damage    Failure   Level
 Blade Hands              Tmut           0%         N/A       100%        5
 Irradiate                Conj/Tmut      0%         3d11      100%        5
 Dragon Form              Tmut           0%         N/A       100%        7


Dungeon Overview and Level Annotations

Branches:
Dungeon (2/15)

Altars:
Kikubaaqudgha

Annotations:
D:2 Sigmund


Innate Abilities, Weirdness & Mutations

You are immune to sickness and miasma.
Your stone body is resilient. (AC +3)
You are immune to poison.
You resist negative energy. (rN+)
You are resistant to electric shocks. (rElec)
You are resistant to unholy torment.
You are immune to petrification.
You have sharp toenails.
You are dopey. (Int -2)


Message History

Sigmund mumbles some strange words.
Sigmund flickers and vanishes!
Deactivating autopickup; reactivate with Ctrl-A.
You swing at nothing.
Something hits you but does no damage.
You swing at nothing.
You hear some strange, mumbled words.
A puff of flame appears from out of thin air!
The puff of flame hits you but does no damage.
Something hits you but does no damage.
You swing at nothing.
You swing at nothing.
You hear some strange, mumbled words.
A puff of flame appears from out of thin air!
The puff of flame hits you but does no damage.
You hear some strange, mumbled words.
Something tries to affect you, but you resist.
You cannot move.
You swing at nothing.
You feel less wooden.
Your +2 leather armour of cold resistance unmelds from your body.
You feel resistant to cold. Something hits you but does no damage.
You miss something. You claw something. Something hits you!
You closely miss something. Your kick misses something. Something hits you.
You miss something. Your kick misses something. Something hits you.
You feel much better.
You hear some strange, mumbled words.
Something tries to affect you, but you resist.
You barely miss something. Something hits you.
You closely miss something.
You hear some strange, mumbled words.
A magic dart appears from out of thin air!
The magic dart hits you!
You hit something. Your kick misses something. Something hits you!
You barely miss something. Your kick misses something.
Something hits you but does no damage.
You miss something.
You hear some strange, mumbled words.
Something tries to affect you, but you resist.
You barely miss something. Your kick misses something. Something hits you!
You die...

#..........# #.##
#..####....##########.### #..#
#.....##..........# #..#
#...#..#..........# #..#
#...##.#..........# +..#
#...##.#..........# ##.#
#...##.########'### #.
#####.##....>.....# #
#.....###@######### .##.....#
#{# #...._..# #.#
####.#.....###.#######
.....................##
.@.......#####........#########
#.....##.................
#@....##.................
#.....##.###'##..........


There were no monsters in sight!

Vanquished Creatures
  Terence (D:2)
  An adder (D:2)
  A dart slug (D:1)
  2 endoplasms
  A giant cockroach (D:1)
  A goblin (D:2)
  5 hobgoblins
  4 ball pythons
  2 bats (D:1)
  3 frilled lizards
  A kobold (D:1)
  2 rats (D:1)
24 creatures vanquished.

Notes
Turn   | Place    | Note
-------+----------+-------------------------------------------
     0 | D:1      | Orthodox the Gargoyle Fighter began the quest for the Orb.
     0 | D:1      | Reached XP level 1. HP: 14/14 MP: 1/1
   230 | D:1      | Found a faded altar of an unknown god.
   438 | D:1      | Reached XP level 2. HP: 19/19 MP: 2/2
   984 | D:2      | Reached XP level 3. HP: 22/24 MP: 3/3
  1316 | D:2      | Noticed Terence
  1328 | D:2      | Killed Terence
  1329 | D:2      | Reached skill level 4 in Fighting
  1335 | D:2      | Found an ancient bone altar of Kikubaaqudgha.
  1529 | D:2      | Noticed Sigmund
  1587 | D:2      | Reached XP level 4. HP: 26/29 MP: 4/4
  1678 | D:2      | Gained mutation: You have sharp toenails. [potion of
                  | mutation]
  1678 | D:2      | Gained mutation: You are dopey. (Int -2) [potion of
                  | mutation]
  1709 | D:2      | Slain by Sigmund

Illustrated notes

Levels and vault maps discovered:
D:1:      erik_arrival_triangle_large, layout_basic,
          dreamdust_ecumenical_altar_statues
D:2:      layout_basic, basic_altar, uniq_terence, uniq_sigmund

Skill      XL: |  1  2  3 |
---------------+----------+-----
Fighting       | 4 |  4.1
Maces & Flails | |  2.8
Armour         | |  3.6
Shields        | |  3.7

Action                   |  1- 3 |  4- 6 || total
-------------------------+-------+-------++-------
Melee: Flail             |    82 |    15 ||    97
       Kick              |       |     1 ||     1
  Use: Potion            |     1 |     4 ||     5
       Scroll            |       |     1 ||     1
Armor: Scale mail        |    44 |       ||    44
       Leather armour    |     1 |     4 ||     5
       Skin              |       |    13 ||    13
Dodge: Dodged            |    41 |     3 ||    44
Block: Buckler           |    12 |     3 ||    15
